 Dungeon Crawl Stone Soup version 0.31.0-32-g396128a36d (webtiles) character file.

Game seed: 17857593933330566441

5815 Izual the Grappler (level 10, -2/98 HPs)
             Began as a Troll Fighter on Mar 19, 2024.
             Was an Initiate of Wu Jian.
             Slain by a troll (5 damage)
             ... on level 9 of the Dungeon.
             The game lasted 00:31:12 (7796 turns).

Izual the Grappler (Troll Fighter)                  Turns: 7796, Time: 00:31:13

Health: -2/98      AC:  9    Str: 26    XL:     10   Next: 51%
Magic:  9/9        EV: 20    Int:  4    God:    Wu Jian [......]
Gold:   497        SH: 10    Dex: 13    Spells: 9/9 levels left

rFire   . .          .
                       - Unarmed
rCold   . . .        b - +0 kite shield
rNeg    . . .        N - +0 acid dragon scales
rPois   .            (helmet restricted)
rElec   .            p - +0 cloak
rCorr   +            (gloves unavailable)
SInv    .            (boots unavailable)
Will    .....        (no amulet)
Stlth   +            o - +5 ring of evasion
HPRegen 1.16/turn    u - +5 ring of evasion
MPRegen 0.11/turn

%: no passive effects
@: no status effects
A: large, unfitting armour, claws 3, regeneration 1, shaggy fur 1, tough skin 1
a: Renounce Religion


You were on level 9 of the Dungeon.
You worshipped Wu Jian.
Wu Jian was noncommittal.
You visited 2 branches of the dungeon, and saw 10 of its levels.
You also visited: Sewer.

You collected 517 gold pieces.
You spent 20 gold pieces at shops.

Inventory:

Missiles
 C - 3 throwing nets (quivered)
Armour
 b - a +0 kite shield (worn)
 p - a +0 cloak (worn)
 N - +0 acid dragon scales (worn)
Jewellery
 o - a +5 ring of evasion (left claw)
 u - a +5 ring of evasion (right claw)
 v - a ring of protection from cold
 E - a ring of protection from fire
 G - a ring of ice
 J - a ring of wizardry
Talismans
 m - a granite talisman
Wands
 a - a wand of digging (1)
 y - a wand of roots (14)
 A - a wand of acid (7)
 B - a wand of polymorph (8)
 D - a wand of paralysis (1)
Scrolls
 f - 8 scrolls of identify
 h - 2 scrolls of poison {unknown}
 i - 5 scrolls of teleportation
 j - a scroll of amnesia {unknown}
 k - 2 scrolls of noise {unknown}
 q - a scroll of vulnerability {unknown}
 s - 2 scrolls of enchant weapon {unknown}
 F - a scroll of blinking {unknown}
 H - a scroll of silence {unknown}
 K - a scroll of summoning {unknown}
 M - a scroll of torment {unknown}
Potions
 c - 2 potions of might
 d - 2 potions of brilliance
 e - 2 potions of ambrosia
 g - 3 potions of haste
 l - a potion of heal wounds
 n - 3 potions of curing
 r - a potion of mutation {unknown}
 t - 3 potions of invisibility
 w - a potion of degeneration {unknown}
 x - a potion of attraction {unknown}
 z - 3 potions of cancellation {unknown}


   Skills:
 + Level 6.0 Fighting
 - Level 1.5 Armour
 + Level 5.9 Dodging
 + Level 6.4 Shields
 * Level 9.6 Unarmed Combat
 + Level 5.2 Shapeshifting


You had 9 spell levels left.
You didn't know any spells.
Your spell library contained the following spells:

 Spells                   Type           Power      Damage    Failure   Level
 Sandblast                Erth           0%         2d4       78%         1
 Summon Small Mammal      Summ           0%         N/A       78%         1
 Ensorcelled Hibernation  Hex/Ice        0%         N/A       89%         2
 Mercury Vapours          Alch/Air       0%         N/A       89%         2
 Call Canine Familiar     Summ           0%         N/A       98%         3
 Fugue of the Fallen      Necr           0%         N/A       98%         3
 Hailstorm                Conj/Ice       0%         3d5       98%         3
 Mephitic Cloud           Conj/Alch/Air  0%         N/A       98%         3
 Passwall                 Erth           0%         N/A       98%         3
 Stone Arrow              Conj/Erth      0%         3d7       98%         3
 Summon Ice Beast         Ice/Summ       0%         N/A       98%         3
 Anguish                  Hex/Necr       0%         N/A       100%        4
 Brom's Barrelling Bould  Conj/Erth      0%         2d3       100%        4
 Summon Blazeheart Golem  Fire/Summ      0%         N/A       100%        4
 Freezing Cloud           Conj/Ice/Air   0%         6-21      100%        5
 Sculpt Simulacrum        Ice/Alch       0%         N/A       100%        6
 Chain Lightning          Conj/Air       0%         N/A       100%        9
 Fire Storm               Conj/Fire      0%         5d1       100%        9
 Shatter                  Erth           0%         3d5*      100%        9


Dungeon Overview and Level Annotations

Branches:
Dungeon (9/15)             Temple (1/1) D:7             Orc (0/2) D:9
  Sewer (visited)
   Lair: D:8-11

Altars:
Ashenzari
Cheibriados
Dithmenos
Fedhas
Gozag
Hepliaklqana
Kikubaaqudgha
Makhleb
Nemelex Xobeh
Okawaru
Sif Muna
Trog
Uskayaw
Vehumet
Wu Jian
Xom
Zin
The Shining One

Shops:
D:2 !!?[?

Portals:
Bailey: D:8

Annotations:
D:6 Jeremiah


Innate Abilities, Weirdness & Mutations

You are too large for most types of armour.
You have claws for hands.
Your natural rate of healing is unusually fast.
You are covered in fur. (AC +1)
You have tough skin. (AC +1)


Message History

You feel sick.
You feel sick.
You feel sick.
The orc wizard mumbles some strange words.
The orc wizard flickers and vanishes!
Deactivating autopickup; reactivate with Ctrl-A.
An orc warrior comes into view. It is wielding a +0 trident.
You block the killer bee's attack.
You feel sick. You block the killer bee's attack.
You block the skeletal warrior's attack.
The killer bee stings you but does no damage.
You feel sick. The killer bee completely misses you.
You feel sick. The killer bee misses you. The killer bee completely misses you.
The skeletal warrior attacks as it pursues you!
The skeletal warrior hits you but does no damage.
You feel sick.
You are no longer poisoned.
The killer bee stings you but does no damage.
The killer bee barely misses you. The troll attacks as it pursues you!
The troll bites you! The troll misses you. x2
You block the skeletal warrior's attack.
The sentinel's mark upon you fades away.
The troll attacks as it pursues you! The troll bites you! The troll claws you!
* * * LOW HITPOINT WARNING * * *
The troll claws you but does no damage.
A yak comes into view.
The red ugly thing basks in the mutagenic energy from its kin and changes!
The skeletal warrior hits you with a +0 short sword.
* * * LOW HITPOINT WARNING * * *
You scratch the troll.
The troll is lightly wounded.
The troll bites you!
* * * LOW HITPOINT WARNING * * *
You block the troll's attack. The troll claws you but does no damage.
You mangle the troll!!
The troll is severely wounded.
The water moccasin barely misses you.
You block the skeletal warrior's attack.
You block the troll's attack. x2; The troll claws you.
You die...

.........................#
.....#.lD................#
.....##Y#..............##
.....#.O##.....#......
.... ##....o..####.... ...
#.Du.F### . ###yu.##
##zTS### #.@...# #.....##
###..## ####


You could see an eight-headed hydra, 2 ugly things, a skeletal warrior, a
two-headed ogre, a yak, a troll, a basilisk, an orc warrior, a water moccasin, a
bullfrog and a killer bee.

Vanquished Creatures
  Harold (D:9)
  Maggie (D:9)
  2 hornets (D:7)
  Prince Ribbit (D:5)
  A wyvern (D:9)
  2 steam dragons (D:8)
  The ghost of purpleHaze the Slasher, an amateur DsGl (D:4)
  Menkaure (D:7)
  An acid dragon (D:9)
  2 water moccasins (D:9)
  An ice beast (D:5)
  2 orc warriors
  A black bear (D:6)
  2 centaurs
  3 ogres (D:6)
  A kobold brigand (D:7)
  A bullfrog (D:9)
  3 scorpions
  20 killer bees
  4 howler monkeys (D:7)
  2 bombardier beetles
  4 hounds
  Ijyb (D:5)
  2 jellies (Sewer)
  A sleepcap (D:7)
  4 orc priests
  2 gnoll boudas (D:7)
  6 iguanas
  4 orc wizards
  26 gnolls
  7 adders
  3 white imps
  16 dart slugs
  5 ribbon worms
  21 orcs
  6 endoplasms
  9 giant cockroaches
  5 goblins
  9 hobgoblins
  4 jackals (D:1)
  8 kobolds
  5 quokkas
  9 ball pythons
  5 bats
  6 frilled lizards
  9 rats
230 creatures vanquished.

Vanquished Creatures (others)
  2 goblins (D:8)
2 creatures vanquished.

Grand Total: 232 creatures vanquished

Notes
Turn   | Place    | Note
-------+----------+-------------------------------------------
     0 | D:1      | Izual the Troll Fighter began the quest for the Orb.
     0 | D:1      | Reached XP level 1. HP: 22/22 MP: 0/0
   220 | D:1      | Reached XP level 2. HP: 29/29 MP: 1/1
   281 | D:1      | Found a faded altar of an unknown god.
   829 | D:2      | Found Ittel's Armour Shop.
   835 | D:2      | Reached XP level 3. HP: 36/36 MP: 2/2
   851 | D:2      | Reached skill level 1 in Armour
   864 | D:2      | Reached skill level 3 in Unarmed Combat
   876 | D:2      | Found Vuag's Magic Scroll Shop.
   951 | D:2      | Found Zosenn's Distillery.
   968 | D:2      | Reached XP level 4. HP: 36/44 MP: 3/3
   995 | D:2      | Found Bosoenio's Distillery.
  1194 | D:2      | Found a hazy altar of Hepliaklqana.
  1283 | D:2      | Reached XP level 5. HP: 50/52 MP: 4/4
  1424 | D:2      | Found Xaham's Magic Scroll Shoppe.
  1432 | D:2      | Bought a scroll of identify for 20 gold pieces
  2008 | D:3      | Found a hide-covered altar of Uskayaw.
  2216 | D:3      | Found a glowing drain.
  2228 | Sewer    | Entered a sewer
  2386 | Sewer    | Found a viscous altar of Jiyva.
  2390 | Sewer    | Reached skill level 4 in Unarmed Combat
  2475 | Sewer    | Reached XP level 6. HP: 58/61 MP: 5/5
  2634 | D:3      | Reached skill level 1 in Shapeshifting
  2839 | D:3      | Found an iron altar of Okawaru.
  3578 | D:4      | Found a runed translucent door.
  3591 | D:4      | Noticed purpleHaze's ghost (amateur DsGl)
  3635 | D:4      | Killed purpleHaze's ghost
  3636 | D:4      | Reached XP level 7. HP: 61/67 MP: 6/6
  3700 | D:4      | Found a shadowy altar of Dithmenos.
  3755 | D:4      | Reached skill level 5 in Unarmed Combat
  3993 | D:4      | Found a snail-covered altar of Cheibriados.
  4022 | D:4      | Found a glowing golden altar of the Shining One.
  4102 | D:4      | Found a radiant altar of Vehumet.
  4266 | D:5      | Entered Level 5 of the Dungeon
  4313 | D:5      | Found a sparkling altar of Nemelex Xobeh.
  4395 | D:5      | Noticed Ijyb
  4400 | D:5      | Killed Ijyb
  4601 | D:5      | Noticed Prince Ribbit
  4800 | D:5      | Killed Prince Ribbit
  4801 | D:5      | Reached skill level 6 in Unarmed Combat
  4801 | D:5      | Reached XP level 8. HP: 65/78 MP: 7/7
  5335 | D:6      | Reached skill level 7 in Unarmed Combat
  5476 | D:6      | Noticed Jeremiah
  5626 | D:6      | Reached skill level 5 in Shields
  5867 | D:7      | Noticed Menkaure
  5868 | D:7      | Noticed a hornet
  5873 | D:7      | Killed Menkaure
  5874 | D:7      | Reached XP level 9. HP: 52/60 MP: 8/8
  5967 | D:7      | Found a staircase to the Ecumenical Temple.
  5974 | Temple   | Entered the Ecumenical Temple
  6093 | D:7      | Reached skill level 5 in Fighting
  6131 | D:7      | Reached skill level 5 in Dodging
  6144 | D:7      | Reached skill level 8 in Unarmed Combat
  6813 | D:8      | Found a flagged portal.
  6915 | D:8      | Identified the +0 ring mail of Parts Unknown {rPois rN+
                  | Regen+ Str-2 Dex+6}
  6935 | D:8      | Found an ancient bone altar of Kikubaaqudgha.
  7058 | D:8      | Reached XP level 10. HP: 79/96 MP: 9/9
  7369 | D:9      | Found a glowing silver altar of Zin.
  7431 | D:9      | Noticed Maggie
  7434 | D:9      | Found a staircase to the Orcish Mines.
  7445 | D:9      | Killed Maggie
  7446 | D:9      | Reached skill level 9 in Unarmed Combat
  7492 | D:9      | Found an opulent altar of Gozag.
  7601 | D:9      | Found an ornate altar of the Wu Jian Council.
  7638 | D:9      | Reached skill level 5 in Shapeshifting
  7645 | D:9      | Became a worshipper of the Wu Jian Council
  7733 | D:9      | Noticed Harold
  7744 | D:9      | Killed Harold
  7753 | D:9      | Noticed a red ugly thing
  7753 | D:9      | Noticed a skeletal warrior
  7758 | D:9      | Noticed an eight-headed hydra
  7758 | D:9      | Noticed a brown ugly thing
  7765 | D:9      | Noticed a two-headed ogre
  7795 | D:9      | HP: 2/98 [troll (16)]
  7796 | D:9      | Slain by a troll

Illustrated notes

Levels and vault maps discovered:
D:1:      psy_arrival_radial01, layout_basic, chequers_ecumenical_altar_island,
          glass_columns_c
D:2:      wad_woods_stonehenge, layout_basic, serial_shops,
          nicolae_shop_industrial_runoff, nicolae_shop_peninsula,
          nicolae_shop_industrial_runoff, shop, shop,
          nicolae_elevator_lobby_asterisk
D:3:      kennysheep_slugbush, layout_basic,
          mainiacjoe_overflow_surrounded_room, mainiacjoe_overflow_24_doors,
          portal_sewer_entry_d
D:4:      layout_cave_pods, old_standard_altar, mainiacjoe_overflow_brackets,
          tso_altar, mainiacjoe_overflow_catwalk, ebering_ghost_sewer_d
D:5:      layout_loops_cross, amcnicky_altar_gilded, uniq_prince_ribbit1,
          uniq_ijyb
D:6:      layout_cave_pods, mainiacjoe_overflow_alcove_1,
          yredelemnul_forgotten_temple_becter, minmay_starry_boxes,
          uniq_jeremiah
D:7:      layout_loops_ring, minmay_temple_entry_trees, uniq_menkaure
D:8:      layout_rooms, general_overflow_altar, enter_bailey_3
D:9:      minmay_the_grid_square_5x5_4x4 [minmay_the_grid_square_5x5_shuriken,
          minmay_the_grid_square_5x5_checkered_statues,
          minmay_the_grid_square_5x5_two_small,
          minmay_the_grid_square_5x5_eight, minmay_the_grid_square_5x5_moneybag,
          minmay_the_grid_square_5x5_prize_monsterx,
          minmay_the_grid_square_5x5_prize_open,
          minmay_the_grid_square_5x5_inner_v,
          minmay_the_grid_square_5x5_gyroscope,
          minmay_the_grid_square_5x5_prize_junk,
          minmay_the_grid_square_5x5_prize_pseudospiral,
          minmay_the_grid_square_5x5_pentomino_r,
          minmay_the_grid_square_5x5_misaligned,
          minmay_the_grid_square_5x5_minivault,
          minmay_the_grid_square_5x5_half_checkered,
          minmay_the_grid_square_5x5_n_small], layout_cave_pools,
          pdpol_temple_overflow_zin_treasury_gozag_greed,
          mainiacjoe_overflow_tiny_flanked, david_orc_3, uniq_harold,
          uniq_maggie
Temple:   hellmonk_temple_two_chambers

Skill      XL: |  1  2  3  4  5  6  7  8  9 10 |
---------------+-------------------------------+-----
Shields        | 3 4 5 6 |  6.4
Armour         | 1 |  1.5
Unarmed Combat | 3 4 6 7 8 9 |  9.6
Fighting       | 3 4 5 6 |  6.0
Dodging        | 3 4 5 |  5.9
Shapeshifting  | 1 2 3 4 5 |  5.2

Action                     |  1- 3 |  4- 6 |  7- 9 | 10-12 || total
---------------------------+-------+-------+-------+-------++-------
  Melee: Unarmed           |    71 |   261 |   382 |   107 ||   821
Ability: Lunge             |       |       |       |     4 ||     4
    Use: Scroll            |       |     2 |     6 |       ||     8
 Armour: Robe              |    59 |   134 |   130 |     6 ||   329
         Acid dragon scale |       |       |       |    41 ||    41
         Steam dragon scal |       |       |       |    15 ||    15
  Dodge: Dodged            |    35 |   175 |   340 |   127 ||   677
  Block: Kite shield       |    24 |   121 |   255 |    85 ||   485
